 Seeded DCSS version 0.29.1-15-g9cfb28693d (webtiles) character file.

Game seed: 8515177902725472229 (custom seed)

67788 bmack86 the Severer (level 14, -15/129 HPs)
             Began as a Minotaur Fighter on Apr 25, 2023.
             Was the Champion of Okawaru.
             Killed from afar by a frost giant (33 damage)
             ... with a bolt of cold
             ... on level 15 of the Dungeon.
             The game lasted 00:35:21 (17921 turns).

bmack86 the Severer (Minotaur Fighter)             Turns: 17921, Time: 00:35:22

Health: -15/129    AC: 42    Str: 30    XL:     14   Next: 84%
Magic:  28/28      EV:  4    Int:  5    God:    Okawaru [******]
Gold:   772        SH: 20    Dex:  5    Spells: 13/13 levels left

rFire   . . .      SeeInvis +   Q - +9 war axe (flame)
rCold   . . .      Faith    .   V - +0 tower shield
rNeg    . . .      Spirit   .   g - +8 crystal plate armour "Zuewes" {rElec rC- Will+ SInv}
rPois   .          Reflect  +   O - +2 hat {Will+}
rElec   +          Harm     .   H - +2 cloak
rCorr   +          Rampage  .   Y - +0 pair of gloves
Will    ++++.                   l - +3 pair of boots "Piogy" {Str+4}
Stlth   ..........              L - amulet "Ylussoc" {Reflect MP+9 Dex-5 Slay+5 SH+5}
HPRegen 0.31/turn               r - ring "Kenunnoe" {rC+ rCorr}
MPRegen 0.21/turn               K - ring of willpower

@: studying Ice Magic
A: horns 2, retaliatory headbutt
a: Renounce Religion, Heroism, Finesse, Duel


You were on level 15 of the Dungeon.
You worshipped Okawaru.
Okawaru was exalted by your worship.
You visited 2 branches of the dungeon, and saw 16 of its levels.
You also visited: Ice Cave.

You collected 2496 gold pieces.
You spent 1724 gold pieces at shops.

Inventory:

Hand Weapons
 a - a +0 war axe
 Q - a +9 war axe of flaming (weapon)
Missiles
 n - 19 poisoned darts (quivered)
 p - 5 throwing nets
 v - 3 boomerangs
 C - 2 silver javelins
 R - 5 curare-tipped darts
Armour
 g - the +8 crystal plate armour "Zuewes" (worn) {rElec rC- Will+ SInv}
   (You acquired it on level 1 of the Dungeon)

   rC:        It makes you vulnerable to cold.
   rElec:     It insulates you from electricity.
   SInv:      It lets you see invisible.
   Will:      It increases your willpower.
 l - the +3 pair of boots "Piogy" (worn) {Str+4}
   (Okawaru gifted it to you on level 12 of the Dungeon)

   Str:       It affects your strength (+4).
 H - a +2 cloak (worn)
 O - a +2 hat of willpower (worn)
 V - a +0 tower shield (worn)
 W - a +3 plate armour of poison resistance
 X - the +7 plate armour of the Accordion {Harm Drain Fly rC+}
   (Okawaru gifted it to you on level 14 of the Dungeon)

   rC:        It protects you from cold.
   Fly:       It grants you flight.
   Drain:     It drains your maximum health when unequipped.
   Harm:      It increases damage dealt and taken.
 Y - a +0 pair of gloves (worn)
Jewellery
 r - the ring "Kenunnoe" (left hand) {rC+ rCorr}
   (You acquired it on level 2 of the Dungeon)

   [ring of protection from cold]

   rC:        It protects you from cold.
   rCorr:     It protects you from acid and corrosion.
 K - a ring of willpower (right hand)
 L - the amulet "Ylussoc" (around neck) {Reflect MP+9 Dex-5 Slay+5 SH+5}
   (You bought it in a shop on level 7 of the Dungeon)

   [amulet of reflection]

   It reflects blocked missile attacks.
   Dex:       It affects your dexterity (-5).
   Slay:      It affects your accuracy & damage with ranged weapons and melee
   (+5).
   MP:        It affects your magic capacity (+9).
   SH:        It affects your SH (+5).
 S - a ring of willpower
 U - a ring of flight
Wands
 q - a wand of mindburst (19)
 D - a wand of paralysis (13)
 I - a wand of flame (30)
 J - a wand of iceblast (29)
Scrolls
 i - 3 scrolls of blinking {unknown}
 k - 3 scrolls of noise {unknown}
 o - 10 scrolls of teleportation {unknown}
 w - 4 scrolls of amnesia {unknown}
 x - 3 scrolls of fear {unknown}
 B - 2 scrolls of enchant armour
 E - 3 scrolls of magic mapping
 F - 3 scrolls of enchant weapon
 G - 2 scrolls of poison {unknown}
Potions
 b - 2 potions of flight
 d - 3 potions of might
 e - 6 potions of curing
 f - 5 potions of heal wounds
 m - 2 potions of haste
 s - a potion of berserk rage
 t - 2 potions of cancellation
 A - 2 potions of magic
 N - 3 potions of brilliance
 P - 2 potions of ambrosia


   Skills:
 + Level 13.0 Fighting
 * Level 17.3 Axes
 - Level 10.0 Throwing
 + Level 13.0 Armour
 + Level 13.1 Shields
 + Level 9.2 Invocations


You had 13 spell levels left.
You didn't know any spells.
Your spell library contained the following spells:

 Spells                   Type           Power      Damage    Failure   Level
 Beastly Appendage        Tmut           0%         N/A       100%        1
 Necrotise                Necr           0%         1d4       100%        1
 Slow                     Hex            0%         N/A       100%        1
 Ensorcelled Hibernation  Hex/Ice        0%         N/A       100%        2
 Passwall                 Tmut/Erth      0%         N/A       100%        2
 Poisonous Vapours        Pois/Air       0%         N/A       100%        2
 Static Discharge         Conj/Air       0%         3-3/arc   100%        2
 Wereblood                Tmut           0%         N/A       100%        2
 Confusing Touch          Hex            0%         N/A       100%        3
 Inner Flame              Hex/Fire       0%         N/A       100%        3
 Portal Projectile        Hex/Tloc       0%         N/A       100%        3
 Spider Form              Tmut/Pois      0%         N/A       100%        3
 Swiftness                Air            0%         N/A       100%        3
 Vampiric Draining        Necr           0%         2d6       100%        3
 Cause Fear               Hex            0%         N/A       100%        4
 Corpse Rot               Necr/Pois/Air  0%         N/A       100%        4
 Leda's Liquefaction      Hex/Erth       0%         N/A       100%        4
 Olgreb's Toxic Radiance  Pois           0%         N/A       100%        4
 Passage of Golubria      Tloc           0%         N/A       100%        4
 Agony                    Necr           0%         N/A       100%        5
 Lightning Bolt           Conj/Air       0%         1d11      100%        5
 Silence                  Hex/Air        0%         N/A       100%        5
 Orb of Destruction       Conj           0%         9d5       100%        7
 Ozocubu's Refrigeration  Ice            0%         4d7       100%        7
 Borgnjor's Revivificati  Necr           0%         N/A       100%        8
 Discord                  Hex            0%         N/A       100%        8
 Ignition                 Fire           0%         3d3       100%        8
 Lehudib's Crystal Spear  Conj/Erth      0%         10d2      100%        8
 Maxwell's Capacitive Co  Air            0%         ∞         100%        8
 Necromutation            Tmut/Necr      0%         N/A       100%        8
 Chain Lightning          Conj/Air       0%         N/A       100%        9
 Death's Door             Necr           0%         N/A       100%        9
 Fire Storm               Conj/Fire      0%         5d1       100%        9
 Shatter                  Erth           0%         3d5*      100%        9
 Call Canine Familiar     Summ           Unusable   N/A       N/A         3
 Summon Guardian Golem    Hex/Summ       Unusable   N/A       N/A         3
 Spellforged Servitor     Conj/Summ      Unusable   N/A       N/A         7

Dungeon Overview and Level Annotations

Branches:
Dungeon (15/15)            Temple (1/1) D:7            Lair (0/5) D:10
    Orc (0/2) D:10         Vaults (0/5) D:14         Depths (0/4) D:15
  IceCv (visited)

Altars:
Ashenzari
Cheibriados
Elyvilon
Fedhas
Gozag
Hepliaklqana
Makhleb
Nemelex Xobeh
Okawaru
Qazlal
Ru
Trog
Uskayaw
Vehumet
Xom
Yredelemnul
Zin
The Shining One
Jiyva

Shops:
D:2 *   D:5 **   D:7 =   D:8 ?

Annotations:
D:12 3 runed translucent doors, croobank's ghost, journeyman GnFE


Innate Abilities, Weirdness & Mutations

You have a pair of horns on your head.
You reflexively headbutt those who attack you in melee.


Message History

The tengu warrior claws you but does no damage.
You slash the tengu warrior! You burn the tengu warrior.
You kill the tengu warrior!
Okawaru accepts your kill.
You see here a +0 arbalest.
You open the door.
A frost giant comes into view.
It is wielding a +0 battleaxe of freezing.
The frost giant shouts!
The frost giant casts a spell at you. The bolt of cold hits you!
Found a staircase to the Depths.
The frost giant gestures at you while chanting.
The bolt of cold hits you!
There is an open door here.
The frost giant hits you with a +0 battleaxe of freezing!
The frost giant freezes you.
The frost giant hits you but does no damage.
You hit the frost giant. You burn the frost giant.
You headbutt the frost giant, but do no damage.
The frost giant is lightly wounded.
The frost giant hits you with a +0 battleaxe of freezing.
The frost giant freezes you.
You slice the frost giant!! You burn the frost giant!
The frost giant is moderately wounded.
The frost giant gestures at you while chanting.
The bolt of cold hits you!
You slice the frost giant!! You burn the frost giant.
You headbutt the frost giant, but do no damage.
The frost giant is heavily wounded.
The frost giant points at you and mumbles some strange words.
The bolt of cold hits you!!!
* * * LOW HITPOINT WARNING * * *
You hit the frost giant. You burn the frost giant.
The frost giant is severely wounded.
You block the frost giant's attack.
You slash the frost giant! You burn the frost giant!
The frost giant is almost dead.
The frost giant points at you and mumbles some strange words.
The bolt of cold hits you!!
You die...

........####
.##...###
###.....###
###.....#
#..##########
#..#≈≈......
##.#≈.#≈≈≈###+#
#.#......#...#
#.'.##≈..#.C@#
###......#...#
#≈.#≈≈≈###'#
#≈≈......).#
############


You could see a frost giant.

Vanquished Creatures
  Jorgrun (D:15)
  Rupert (D:13)
  A lich (Arena)
  Gastronok (D:8)
  Kirke (D:14)
  Louise (D:14)
  An ironbound preserver (D:14)
  Azrael (D:13)
  4 caustic shrike simulacra (IceCv)
  A hydra (D:14)
  An ogre mage (D:13)
  An ice dragon (D:15)
  5 centaur warriors
  4 boulder beetles (D:14)
  7 two-headed ogres
  Erica (D:8)
  5 tengu warriors
  13 slime creatures
  3 bog bodies (IceCv)
  An orc knight (D:14)
  Pikel (D:8)
  An obsidian statue (IceCv)
  The ghost of mkat the Cutter, a novice DrFi of Uskayaw (D:6)
  A necromancer (IceCv)
  2 spriggan simulacra (IceCv)
  3 deep elf pyromancers
  22 ugly things
  5 cyclopes
  4 manticores
  Maurice (D:13)
  2 ice statues (D:15)
  Joseph (D:8)
  2 gargoyles
  A kobold demonologist (D:12)
  2 unseen horrors (D:10)
  Psyche (D:9)
  Maggie (D:10)
  An unseen horror zombie (D:9)
  16 freezing wraiths
  2 ice devils (IceCv)
  3 tengu conjurers (D:14)
  5 anaconda simulacra (IceCv)
  3 trolls
  3 golden dragon simulacra (IceCv)
  The ghost of hattop the Stinger, an amateur MfVM (D:4)
  Prince Ribbit (D:9)
  3 shadows
  3 wyverns
  A vampire (D:10)
  A dire elephant simulacrum (IceCv)
  6 yaks (D:10)
  2 wraiths
  Grum (D:10)
  3 hogs (D:14)
  A hog (shapeshifter) (D:14)
  3 steam dragons
  9 vampire mosquitoes
  4 harpy simulacra (IceCv)
  An acid dragon (D:11)
  4 hell hounds (D:13)
  2 water moccasins
  3 ice beasts
  2 orc warriors
  2 ettin simulacra (IceCv)
  2 alligator simulacra (IceCv)
  4 wolves (D:10)
  17 centaurs
  A centaur (shapeshifter) (D:13)
  2 ogres
  A lemure (D:8)
  A bullfrog (D:8)
  2 deep troll simulacra (IceCv)
  A wyvern zombie (D:9)
  A gnoll sergeant (D:9)
  A scorpion (D:6)
  7 wights
  12 killer bees
  3 lindwurm simulacra (IceCv)
  3 electric eels (D:8)
  3 jellies
  A hound (D:7)
  4 orc priests
  3 gnoll boudas
  4 iguanas
  8 orc wizards
  18 gnolls
  5 adders
  10 river rats (D:6)
  2 white imps
  2 ufetubi
  3 dart slugs
  35 orcs
  5 ball pythons
  5 bats
  3 endoplasms
  4 giant cockroaches
  7 goblins
  8 hobgoblins
  5 jackals (D:2)
  8 quokkas
  5 frilled lizards
  4 kobolds
  21 rats
422 creatures vanquished.

Vanquished Creatures (others)
  3 rats (D:6)
  8 plants (D:10)
11 creatures vanquished.

Grand Total: 433 creatures vanquished

Notes
Turn   | Place    | Note
-------+----------+-------------------------------------------
     0 | D:1      | bmack86 the Minotaur Fighter began the quest for the Orb.
     0 | D:1      | Reached XP level 1. HP: 19/19 MP: 0/0
    72 | D:1      | Identified a scroll of acquirement
    72 | D:1      | Acquired the +8 crystal plate armour "Zuewes" {rElec rC-
                  | Will+ SInv}
   188 | D:1      | Reached XP level 2. HP: 27/27 MP: 1/1
   215 | D:1      | Reached skill level 3 in Axes
   943 | D:2      | Reached XP level 3. HP: 30/33 MP: 2/2
  1076 | D:2      | Reached XP level 4. HP: 39/40 MP: 3/3
  1078 | D:2      | Acquired 745 gold pieces
  1081 | D:2      | Acquired the ring "Kenunnoe" {rC+ rCorr}
  1083 | D:2      | Acquired 777 gold pieces
  1109 | D:2      | Found a shimmering altar of Xom.
  1143 | D:2      | Found Vuamm's General Store.
  1152 | D:2      | Bought 3 scrolls of enchant weapon for 225 gold pieces
  1152 | D:2      | Bought 5 poisoned darts for 20 gold pieces
  1152 | D:2      | Bought a potion of berserk rage for 50 gold pieces
  1152 | D:2      | Bought a potion of cancellation for 80 gold pieces
  1283 | D:2      | Reached skill level 4 in Axes
  1283 | D:2      | Reached skill level 1 in Throwing
  1548 | D:3      | Found a faded altar of an unknown god.
  1837 | D:3      | Reached XP level 5. HP: 47/47 MP: 4/4
  2456 | D:4      | Found a transporter.
  2456 | D:4      | Noticed hattop's ghost (amateur MfVM)
  2474 | D:4      | Found a transporter.
  2505 | D:4      | Killed hattop's ghost
  2506 | D:4      | Reached skill level 5 in Fighting
  2506 | D:4      | Reached skill level 5 in Axes
  2506 | D:4      | Reached skill level 5 in Armour
  2506 | D:4      | Reached skill level 5 in Shields
  2506 | D:4      | Reached XP level 6. HP: 20/56 MP: 5/5
  2893 | D:5      | Entered Level 5 of the Dungeon
  2908 | D:5      | Found Bylic's Specific Store.
  2912 | D:5      | Found Naef Ace's General Store.
  2917 | D:5      | Bought a scroll of magic mapping for 105 gold pieces
  2917 | D:5      | Bought 3 scrolls of enchant armour for 315 gold pieces
  2973 | D:5      | Reached XP level 7. HP: 53/61 MP: 6/6
  3130 | D:5      | Found a radiant altar of Vehumet.
  3317 | D:5      | Reached skill level 6 in Axes
  3597 | D:6      | Noticed a steam dragon
  3610 | D:6      | Killed a steam dragon
  3634 | D:6      | Reached XP level 8. HP: 30/70 MP: 7/7
  3646 | D:6      | Reached skill level 7 in Axes
  3969 | D:6      | Noticed a troll
  3979 | D:6      | Killed a troll
  4247 | D:6      | Found a hazy altar of Hepliaklqana.
  4290 | D:6      | Reached skill level 8 in Axes
  4533 | D:6      | Found a runed translucent gate.
  4534 | D:6      | Found a runed translucent gate.
  4535 | D:6      | Found a runed translucent gate.
  4537 | D:6      | Noticed mkat's ghost (novice DrFi)
  4572 | D:6      | Killed mkat's ghost
  4573 | D:6      | Reached XP level 9. HP: 48/79 MP: 8/8
  5257 | D:7      | Found the +0 staff of Battle
  5280 | D:7      | Reached skill level 9 in Axes
  5460 | D:7      | Found a staircase to the Ecumenical Temple.
  5473 | Temple   | Entered the Ecumenical Temple
  5479 | Temple   | Became a worshipper of Warmaster Okawaru
  5823 | D:7      | Identified the +2 long sword "Widowermaker" {vorpal, rN+
                  | Str+3}
  5825 | D:7      | Found Zauzocer's Jewellery Emporium.
  5831 | D:7      | Bought the amulet "Ylussoc" {Reflect MP+9 Dex-5 Slay+5
                  | SH+5} for 929 gold pieces
  6092 | D:8      | Found Zilis's Magic Scroll Shoppe.
  6170 | D:8      | Noticed Pikel
  6183 | D:8      | Killed Pikel
  6184 | D:8      | Reached skill level 5 in Throwing
  6184 | D:8      | Reached skill level 1 in Invocations
  6254 | D:8      | Found a glowing silver altar of Zin.
  6320 | D:8      | Noticed Gastronok
  6335 | D:8      | Killed Gastronok
  6335 | D:8      | Reached * piety under Okawaru
  6335 | D:8      | Reached ** piety under Okawaru
  6336 | D:8      | Reached skill level 10 in Axes
  6336 | D:8      | Reached XP level 10. HP: 87/88 MP: 10/10
  6360 | D:8      | Noticed a cyclops
  6361 | D:8      | Noticed a two-headed ogre
  6499 | D:8      | Noticed Joseph
  6514 | D:8      | Killed Joseph
  6894 | D:8      | Killed a cyclops
  6894 | D:8      | Reached *** piety under Okawaru
  6972 | D:8      | Found a snail-covered altar of Cheibriados.
  7101 | D:8      | Noticed Erica
  7109 | D:8      | Killed Erica
  7110 | D:8      | Reached skill level 11 in Axes
  7597 | D:9      | Noticed Psyche
  7601 | D:9      | Killed Psyche
  7752 | D:9      | Reached **** piety under Okawaru
  8420 | D:9      | Noticed a two-headed ogre
  8426 | D:9      | Killed a two-headed ogre
  8427 | D:9      | Reached XP level 11. HP: 73/97 MP: 13/13
  8637 | D:9      | Noticed Prince Ribbit
  8643 | D:9      | Killed Prince Ribbit
  8719 | D:9      | Found a basalt altar of Yredelemnul.
  9020 | D:10     | Entered Level 10 of the Dungeon
  9032 | D:10     | Reached ***** piety under Okawaru
  9032 | D:10     | Received a gift from Okawaru
  9123 | D:10     | Found a staircase to the Orcish Mines.
  9175 | D:10     | Found a blossoming altar of Fedhas.
  9231 | D:10     | Found a staircase to the Lair.
  9247 | D:10     | Noticed Maggie
  9252 | D:10     | Killed Maggie
  9359 | D:10     | Noticed Grum
  9374 | D:10     | Killed Grum
  9375 | D:10     | Reached skill level 12 in Axes
  9910 | D:10     | Received a gift from Okawaru
  9912 | D:10     | Reached skill level 5 in Invocations
  9979 | D:10     | Found a burning altar of Makhleb.
 10290 | D:11     | Noticed a two-headed ogre
 10297 | D:11     | Received a gift from Okawaru
 10298 | D:11     | Killed a two-headed ogre
 10683 | D:11     | Reached skill level 10 in Fighting
 10683 | D:11     | Reached skill level 13 in Axes
 10683 | D:11     | Reached skill level 10 in Shields
 11083 | D:12     | Reached skill level 10 in Armour
 11090 | D:12     | Reached XP level 12. HP: 105/106 MP: 15/15
 11237 | D:12     | Identified the +3 pair of boots "Piogy" {Str+4} (Okawaru
                  | gifted it to you on level 12 of the Dungeon)
 11237 | D:12     | Received a gift from Okawaru
 11660 | D:12     | Found a runed translucent gate.
 11660 | D:12     | Noticed a rockslime
 11661 | D:12     | Found a runed translucent gate.
 11661 | D:12     | Noticed an azure jelly
 11662 | D:12     | Noticed croobank's ghost (journeyman GnFE)
 11663 | D:12     | Found a runed translucent gate.
 11663 | D:12     | Noticed an acid blob
 11663 | D:12     | Noticed an acid blob
 11663 | D:12     | Noticed an acid blob
 11663 | D:12     | Noticed an azure jelly
 11663 | D:12     | Noticed an acid blob
 11664 | D:12     | Noticed an azure jelly
 11664 | D:12     | Noticed an acid blob
 11664 | D:12     | Noticed an azure jelly
 12101 | D:12     | Found a viscous altar of Jiyva.
 12226 | D:13     | Noticed a centaur warrior
 12233 | D:13     | Killed a centaur warrior
 12358 | D:13     | Noticed Maurice
 12362 | D:13     | Killed Maurice
 12607 | D:13     | Noticed Rupert
 12618 | D:13     | Killed Rupert
 12619 | D:13     | Reached skill level 14 in Axes
 12731 | D:13     | Noticed Azrael
 12743 | D:13     | Killed Azrael
 12758 | D:13     | Noticed a two-headed ogre
 12759 | D:13     | Noticed an ogre mage
 12760 | D:13     | Noticed a two-headed ogre
 12762 | D:13     | Noticed a centaur warrior
 12764 | D:13     | Noticed a two-headed ogre
 12767 | D:13     | Killed a two-headed ogre
 12767 | D:13     | Killed an ogre mage
 12770 | D:13     | Killed a two-headed ogre
 12775 | D:13     | Killed a centaur warrior
 12775 | D:13     | Received a gift from Okawaru
 12777 | D:13     | Killed a two-headed ogre
 12780 | D:13     | Noticed a two-headed ogre
 12781 | D:13     | Reached XP level 13. HP: 53/116 MP: 17/17
 12785 | D:13     | Reached ****** piety under Okawaru
 13358 | D:14     | Received a gift from Okawaru
 13362 | D:14     | Reached skill level 15 in Axes
 13496 | D:14     | Received a gift from Okawaru
 13626 | D:14     | Noticed Louise
 13637 | D:14     | Killed Louise
 13796 | D:14     | Received a gift from Okawaru
 14031 | D:14     | Noticed an ironbound preserver
 14043 | D:14     | Killed an ironbound preserver
 14043 | D:14     | Identified the +7 plate armour of the Accordion {Harm Drain
                  | Fly rC+} (Okawaru gifted it to you on level 14 of the
                  | Dungeon)
 14043 | D:14     | Received a gift from Okawaru
 14214 | D:14     | Found a gate to the Vaults.
 14514 | D:14     | Reached skill level 16 in Axes
 14522 | D:14     | Reached XP level 14. HP: 38/126 MP: 19/19
 14828 | D:14     | Noticed Kirke
 14838 | D:14     | Killed Kirke
 15019 | D:15     | Entered Level 15 of the Dungeon
 15019 | D:15     | Found a frozen archway.
 15332 | IceCv    | Entered an ice cave
 16392 | IceCv    | Received a gift from Okawaru
 16451 | IceCv    | Identified the +1 hat of the Equator {Int+9}
 16508 | IceCv    | Found an ancient bone altar of Kikubaaqudgha.
 16535 | IceCv    | Reached skill level 10 in Throwing
 16860 | IceCv    | Found the +4 skin of Zhor {*Englaciate rC+++ SInv}
 16931 | IceCv    | Identified the +0 scale mail of the Carpenter {rC+ Will++
                  | Stlth-} (Okawaru gifted it to you in an ice cave)
 16931 | IceCv    | Received a gift from Okawaru
 16932 | IceCv    | Noticed a lich
 16938 | Arena    | Entered the Arena
 16944 | Arena    | Killed a lich
 16945 | Arena    | Reached skill level 17 in Axes
 17815 | D:15     | Noticed Jorgrun
 17821 | D:15     | Killed Jorgrun
 17913 | D:15     | Found a staircase to the Depths.
 17913 | D:15     | Noticed a frost giant
 17921 | D:15     | Killed from afar by a frost giant

Illustrated notes

Levels and vault maps discovered:
D:1:      sevenhm_arrival_forest_fort_large_4, layout_basic,
          nrook_loot_triangle, minmay_lizard_pond
D:2:      layout_loops_ring, basic_altar, serial_shops,
          nicolae_shop_temple_entry_statues_fountains
D:3:      layout_basic, ebering_ecumenical_altar_webs, serial_forest,
          infiniplex_forest_lined_corner, infiniplex_forest_lined_1,
          infiniplex_forest_lined_1, infiniplex_forest_clump_small,
          infiniplex_forest_lined_room_3, infiniplex_forest_straight_1,
          infiniplex_forest_lined_room_2, infiniplex_forest_straight_4
D:4:      layout_cave_pools, gammafunk_ghost_arena
D:5:      layout_loops_ring, mainiacjoe_overflow_catwalk, nicolae_specific_store
D:6:      lemuel_ratsnest, layout_rooms, mainiacjoe_overflow_boulevard,
          ebering_ghost_rock_garden, hangedman_abyss_or_decor_stagger,
          serial_park_tiny_1
D:7:      layout_loops_cross, nicolae_overflow_hidden_temple,
          minmay_temple_entry_mist, serial_shops, kennysheep_little_box,
          hangedman_abyss_or_decor_stabs, minmay_misc_feat_iff
D:8:      layout_basic, mainiacjoe_overflow_alcove_4, lemuel_doored_altar,
          serial_shops, shop_fountains, minmay_crystal_water,
          kennysheep_island_fort, uniq_pikel, uniq_joseph, uniq_erica,
          uniq_gastronok
D:9:      layout_stronghold, lemuel_zombie_altar_yredelemnul, uniq_psyche,
          uniq_prince_ribbit1
D:10:     layout_grid_maze, lightli_temple_of_fire, fedhas_ov_isle_minmay,
          dpeg_oklobed_lair, chequers_serial_rivers_micro_e, uniq_grum,
          uniq_maggie
D:11:     layout_irregular_city
D:12:     layout_loops_ring, gammafunk_ghost_ooze,
          hangedman_decor_clover_reticule
D:13:     layout_loops_ring, uniq_rupert, uniq_maurice, uniq_azrael
D:14:     layout_roguey, skrybe_vaults_entry_preservation, serial_bayou_pond_e,
          grunt_ministairs_8, uniq_kirke, uniq_louise
D:15:     grunt_enter_depths_snipers, layout_cave_pools,
          portal_ice_cave_entry_ice_statue_two, minmay_misc_feat_more_columns,
          uniq_jorgrun
Temple:   eino_narrow_crystal_temple

Skill      XL: |  1  2  3  4  5  6  7  8  9 10 11 12 13 14 |
---------------+-------------------------------------------+-----
Axes           | 3 4 5 6 8 10 11 13 14 16 17 | 17.3
Fighting       | 4 5 7 8 9 10 11 12 13 | 13.0
Armour         | 4 5 6 8 10 11 12 13 | 13.0
Shields        | 4 5 6 8 9 10 11 12 13 | 13.1
Throwing       | 1 2 3 4 5 6 7 8 9 10 | 10.0
Invocations    | 2 4 5 6 8 9 |  9.2

Action                   |  1- 3 |  4- 6 |  7- 9 | 10-12 | 13-15 || total
-------------------------+-------+-------+-------+-------+-------++-------
Melee: War axe           |    62 |   122 |   288 |   308 |   336 ||  1116
       Headbutt          |    10 |    20 |    47 |    57 |    73 ||   207
Throw: Dart              |       |     1 |       |     1 |       ||     2
Invok: Heroism           |       |       |       |     2 |     7 ||     9
       Finesse           |       |       |       |     2 |     4 ||     6
       Duel              |       |       |       |       |     1 ||     1
  Use: Scroll            |     2 |     7 |     7 |    13 |     1 ||    30
       Potion            |       |     1 |       |       |     1 ||     2
Armor: Crystal plate arm |    65 |   113 |   261 |   220 |   238 ||   897
       Scale mail        |     1 |       |       |       |       ||     1
Dodge: Dodged            |    12 |    40 |    84 |    48 |    26 ||   210
Block: Buckler           |    22 |    40 |    69 |       |       ||   131
       Kite shield       |       |       |    17 |   254 |    52 ||   323
       Reflection        |       |       |       |    31 |    18 ||    49
       Tower shield      |       |       |       |       |   273 ||   273
